 Dungeon Crawl Stone Soup version 0.32-a0-132-g2d33c3cfaf (webtiles) character file.

Game seed: 2606716621744347989

26076 Essalna the Destroyer (level 13, 0/85 HPs)
             Began as a Gargoyle Fire Elementalist on Feb 9, 2024.
             Was an Elder of Vehumet.
             Slain by a spectral five-headed hydra (7 damage)
             ... called from beyond by a ghost crab
             ... on level 2 of the Lair of Beasts.
             The game lasted 00:35:40 (17747 turns).

Essalna the Destroyer (Gargoyle Fire Elementalist) Turns: 17747, Time: 00:35:40

Health: 0/85       AC: 24    Str: 13    XL:     13   Next: 23%
Magic:  1/21       EV: 15    Int: 20    God:    Vehumet [****..]
Gold:   1052       SH:  2    Dex: 10    Spells: 11/23 levels left

rFire   + . .        m - +0 dagger (venom)
rCold   . . .        (no shield)
rNeg    + + .        F - +3 leather armour {rF+}
rPois   ∞            v - +2 hat
rElec   +            N - +1 cloak {rCorr}
rCorr   +            (no gloves)
SInv    .            D - +0 pair of boots {Stlth+}
Will    ++...        x - amulet of regeneration
Stlth   ++++         Z - ring of the Octopus King {rCorr HP+2 AC+2 EV+2 SH+2}
HPRegen 1.14/turn    C - ring of the Will of the Gods {rN+ Will++ Stlth+}
MPRegen 0.17/turn

%: no passive effects
@: no status effects
A: sickness immunity, AC +9, negative energy resistance 1, electricity
resistance, torment resistance 1, petrification resistance
a: Renounce Religion


You were on level 2 of the Lair of Beasts.
You worshipped Vehumet.
Vehumet was greatly pleased with you.
You visited 4 branches of the dungeon, and saw 16 of its levels.

You collected 1052 gold pieces.

Inventory:

Hand Weapons
 k - a +4 dagger of holy wrath
 m - a +0 dagger of venom (weapon)
 G - a +2 whip of electrocution
Armour
 p - a +2 robe of cold resistance
 v - a +2 hat (worn)
 D - a +0 pair of boots of stealth (worn)
 F - a +3 leather armour of fire resistance (worn)
 N - a +1 cloak of preservation (worn)
Jewellery
 x - an amulet of regeneration (around neck)
 y - a ring of see invisible
 z - an amulet of reflection
 C - the ring of the Will of the Gods (right hand) {rN+ Will++ Stlth+}
   (You found it on level 5 of the Dungeon)

   [ring of positive energy]

   rN+:       It protects you from negative energy.
   Will++:    It greatly increases your willpower.
   Stlth+:    It makes you more stealthy.
 I - a +6 ring of dexterity
 L - a ring of willpower
 M - a ring of flight
 S - a +5 ring of evasion
 U - a ring of ice
 V - an amulet of guardian spirit
 Z - a ring of the Octopus King (left hand) {rCorr HP+2 AC+2 EV+2 SH+2}
   (You found it on level 1 of the Lair of Beasts)

   [ring of resist corrosion]

   AC+2:      It affects your AC (+2).
   EV+2:      It affects your evasion (+2).
   HP+2:      It affects your health (+2).
   rCorr:     It protects you from acid and corrosion.
   SH+2:      It affects your SH (+2).
Wands
 b - a wand of roots (3)
 r - a wand of quicksilver (13)
 s - a wand of mindburst (5)
 H - a wand of charming (20)
 Y - a wand of polymorph (1)
Scrolls
 a - a scroll of noise {unknown}
 d - 4 scrolls of revelation {unknown}
 e - 13 scrolls of identify {unknown}
 g - a scroll of fear {unknown}
 h - a scroll of torment {unknown}
 j - 3 scrolls of summoning {unknown}
 q - 5 scrolls of teleportation {unknown}
 w - a scroll of vulnerability {unknown}
 A - 3 scrolls of enchant weapon {unknown}
 O - 2 scrolls of immolation {unknown}
 T - a scroll of fog {unknown}
 X - 2 scrolls of amnesia {unknown}
Potions
 c - a potion of attraction {unknown}
 f - 2 potions of resistance {unknown}
 i - 4 potions of lignification
 l - 3 potions of cancellation {unknown}
 n - 3 potions of enlightenment {unknown}
 o - 3 potions of curing {unknown}
 t - 2 potions of degeneration {unknown}
 u - 4 potions of heal wounds {unknown}
 E - 2 potions of might {unknown}
 J - a potion of brilliance {unknown}
 P - a potion of ambrosia {unknown}
 W - a potion of mutation {unknown}
Miscellaneous
 R - a sack of spiders


   Skills:
 + Level 10.4 Fighting
 - Level 8.0 Armour
 - Level 7.0 Dodging
 - Level 2.1 Stealth
 + Level 5.8 Spellcasting
 + Level 11.7 Conjurations
 + Level 11.0 Fire Magic
 - Level 4.0 Alchemy


You had 11 spell levels left.
You knew the following spells:

 Your Spells              Type           Power      Damage    Failure   Level
a - Foxfire               Conj/Fire      100%       2x1d9     1%          1
b - Scorch                Fire           100%       2d9       1%          2
c - Flame Wave            Conj/Fire      51%        2d13      1%          4
d - Sticky Flame          Fire/Alch      36%        2d8       1%          4
e - Sandblast             Erth           10%        2d5       3%          1

Your spell library contained the following spells:

 Spells                   Type           Power      Damage    Failure   Level
 Ignite Poison            Fire/Alch      36%        N/A       1%          4
 Static Discharge         Conj/Air       58%        3-6/arc   1%          2
 Hailstorm                Conj/Ice       29%        3d8       1%          3
 Inner Flame              Hex/Fire       28%        N/A       1%          3
 Volatile Blastmotes      Fire/Tloc      56%        2d14      1%          3
 Freeze                   Ice            20%        1d4       3%          1
 Frozen Ramparts          Ice            10%        1d2       11%         3
 Ensorcelled Hibernation  Hex/Ice        10%        N/A       21%         2
 Lesser Beckoning         Tloc           10%        N/A       21%         2
 Airstrike                Air            2%         2d(1-17)  32%         4
 Fugue of the Fallen      Necr           5%         N/A       36%         3
 Gell's Gravitas          Tloc           5%         N/A       36%         3
 Passwall                 Erth           5%         N/A       36%         3
 Summon Ice Beast         Ice/Summ       5%         N/A       36%         3
 Swiftness                Air            5%         N/A       36%         3
 Teleport Other           Tloc           5%         N/A       36%         3
 Conjure Ball Lightning   Conj/Air       14%        3x3d6     41%         6
 Leda's Liquefaction      Alch/Erth      6%         N/A       50%         4
 Petrify                  Alch/Erth      13%        N/A       50%         4
 Anguish                  Hex/Necr       2%         N/A       78%         4
 Summon Lightning Spire   Summ/Air       5%         N/A       78%         4
 Metabolic Englaciation   Hex/Ice        2%         N/A       98%         5
 Sculpt Simulacrum        Ice/Alch       6%         N/A       100%        6
 Discord                  Hex            2%         N/A       100%        8
 Disjunction              Tloc           2%         N/A       100%        8


Dungeon Overview and Level Annotations

Branches:
Dungeon (11/15)            Temple (1/1) D:6            Lair (2/5) D:11
    Orc (2/2) D:9
  Swamp: Lair:2-3    Shoals: Lair:2-3     Snake: Lair:2-3    Spider: Lair:2-3
    Elf: Orc:2

Altars:
Ashenzari
Cheibriados
Dithmenos
Elyvilon
Fedhas
Gozag
Hepliaklqana
Kikubaaqudgha
Makhleb
Nemelex Xobeh
Okawaru
Qazlal
Ru
Sif Muna
Trog
Uskayaw
Vehumet
Wu Jian
Xom
Yredelemnul
Zin
The Shining One

Shops:
D:1 *   D:6 =

Portals:
Trove: D:10 (give 5 scrolls of fog)


Innate Abilities, Weirdness & Mutations

You are immune to sickness and miasma.
Your stone body is resilient. (AC +9)
You are immune to poison.
You resist negative energy. (rN+)
You are resistant to electric shocks. (rElec)
You are resistant to unholy torment.
You are immune to petrification.


Message History

The flame wave engulfs the spectral water moccasin!!
You destroy the spectral water moccasin!
The spectral water moccasin fades away!
The flame wave engulfs the spectral five-headed hydra!!
The spectral five-headed hydra is moderately damaged.
The flame wave engulfs the spectral alligator snapping turtle!
The spectral alligator snapping turtle is lightly damaged.
The flame wave engulfs the spectral cane toad!
The spectral cane toad is moderately damaged.
The mangrove smoulders and burns.
You are engulfed in spectral mist.
The spectral cane toad misses you. The ghost crab completely misses you.
The ghost crab claws you.
The spectral alligator snapping turtle bites you from afar!
The spectral cane toad hits you.
The spectral five-headed hydra bites you.
The spectral five-headed hydra bites you but does no damage.
The spectral five-headed hydra bites you!
The spectral five-headed hydra misses you.
The spectral five-headed hydra barely misses you.
A wave of flame ripples out!
The flame wave engulfs the spectral cane toad!
The spectral cane toad is severely damaged.
The flame wave engulfs the ghost crab!
The ghost crab is almost destroyed.
The flame wave engulfs the spectral five-headed hydra!
The spectral five-headed hydra is heavily damaged.
The flame wave engulfs the spectral alligator snapping turtle!
The spectral alligator snapping turtle is moderately damaged.
The flame wave engulfs the spectral cane toad.
The spectral cane toad is heavily damaged.
The mangrove smoulders and burns.
You finish channelling waves of flame.
You are engulfed in spectral mist.
The ghost crab misses you. You block the ghost crab's attack.
The spectral cane toad completely misses you.
The spectral alligator snapping turtle bites you from afar!!
* * * LOW HITPOINT WARNING * * *
The spectral five-headed hydra bites you.
* * * LOW HITPOINT WARNING * * *
The spectral five-headed hydra bites you!
You die...

#..........
#...#####
##..........#
#..+##..#
#...........#
#........
##.........##♣♣
###......
##........§☼§§♣♣♣♣
###....
#......§.§§§§....♣
###..
##.....☼☼§°○○.~..
#..
#.....§○☼○Z○.§♣
##.
##....°.Z@tZ°§♣ ##
#.#####☼Z☼☼.....~
### ##○○§§..~.♣
##§§§§.♣♣♣ ####§♣♣
##


You could see a ghost crab, a spectral five-headed hydra (summoned), 2 spectral
cane toads and a spectral alligator snapping turtle (summoned).

Vanquished Creatures
  Harold (D:9)
  Erolcha (D:10)
  2 two-headed ogres (Orc:2)
  Urug (D:11)
  Sonja (Lair:2)
  A skyshark (Lair:2)
  A spectral hydra (Lair:2)
  A manticore (D:11)
  3 kobold blastminers (Orc:2)
  Maurice (D:9)
  Joseph (D:9)
  6 elephants (Lair:2)
  5 cane toads
  A black mamba (Lair:2)
  2 kobold demonologists
  Maggie (D:6)
  A komodo dragon (D:9)
  Psyche (D:10)
  7 trolls
  A hornet (D:9)
  8 blink frogs
  A shadow (D:10)
  Sigmund (D:5)
  12 yaks
  Eustachio (D:6)
  A wraith (D:10)
  3 basilisks (Lair:2)
  A steam dragon (Lair:2)
  A spectral cane toad (Lair:2)
  3 vampire mosquitoes (D:10)
  Grum (D:9)
  Edmund (D:6)
  2 water moccasins
  2 acid dragons
  2 ice beasts
  21 orc warriors
  A sky beast (D:6)
  3 black bears
  A spectral rime drake (Lair:2)
  4 ogres
  3 wolves
  10 centaurs
  2 kobold brigands
  Blork the orc (D:5)
  3 bullfrogs
  3 scorpions
  11 wights
  A burial acolyte (D:11)
  14 killer bees
  A howler monkey (D:7)
  3 jellies
  A bombardier beetle (D:4)
  2 gnoll boudas
  8 orc priests
  8 orc wizards
  A sleepcap (D:8)
  Jessica (D:3)
  Terence (D:2)
  8 iguanas
  Robin (D:2)
  12 gnolls
  9 adders
  A shadow imp (D:7)
  A white imp (D:6)
  4 ufetubi
  2 adder zombies (D:11)
  A ribbon worm (D:3)
  2 dart slugs
  81 orcs
  9 endoplasms
  A giant cockroach (D:3)
  22 goblins
  7 hobgoblins
  7 jackals
  21 kobolds
  A quokka (D:1)
  6 ball pythons
  7 bats
  A frilled lizard (D:1)
  4 rats (D:1)
391 creatures vanquished.

Vanquished Creatures (others)
  1313 foxfires
1313 creatures vanquished.

Grand Total: 1704 creatures vanquished

Notes
Turn   | Place    | Note
-------+----------+-------------------------------------------
     0 | D:1      | Essalna the Gargoyle Fire Elementalist began the quest for
                  | the Orb.
     0 | D:1      | Reached XP level 1. HP: 10/10 MP: 3/3
    56 | D:1      | Found Ekifis's Assorted Antiques.
   244 | D:1      | Reached XP level 2. HP: 15/15 MP: 1/5
   792 | D:1      | Reached XP level 3. HP: 19/19 MP: 4/6
  1563 | D:2      | Noticed Terence
  1767 | D:3      | Found a glowing silver altar of Zin.
  1768 | D:3      | Found an opulent altar of Gozag.
  1769 | D:3      | Found a shimmering altar of Xom.
  1769 | D:3      | Found a shadowy altar of Dithmenos.
  1797 | D:3      | Reached XP level 4. HP: 24/24 MP: 4/8
  1800 | D:3      | Learned a level 2 spell: Scorch
  2057 | D:2      | Noticed Robin
  2057 | D:2      | Noticed Jessica
  2061 | D:3      | Killed Jessica
  2526 | D:2      | Reached XP level 5. HP: 28/28 MP: 6/9
  2613 | D:2      | Killed Robin
  2999 | D:2      | Killed Terence
  3234 | D:2      | Learned a level 4 spell: Flame Wave
  3698 | D:4      | Reached XP level 6. HP: 32/32 MP: 4/11
  4523 | D:5      | Entered Level 5 of the Dungeon
  4688 | D:5      | Identified the ring of the Will of the Gods {rN+ Will++
                  | Stlth+}
  5082 | D:5      | Noticed Sigmund
  5087 | D:5      | Killed Sigmund
  5088 | D:5      | Reached skill level 5 in Fire Magic
  5088 | D:5      | Reached XP level 7. HP: 36/36 MP: 7/13
  5192 | D:5      | Reached skill level 5 in Conjurations
  5595 | D:5      | Noticed Blork the orc
  5599 | D:5      | Killed Blork the orc
  5600 | D:5      | Reached skill level 1 in Fighting
  5600 | D:5      | Reached skill level 1 in Armour
  5807 | D:6      | Reached XP level 8. HP: 43/43 MP: 3/14
  5900 | D:6      | Found Ojuutz's One-of-a-Kind Rings.
  6075 | D:6      | Noticed Edmund
  6092 | D:6      | Killed Edmund
  6302 | D:6      | Learned a level 4 spell: Sticky Flame
  6348 | D:6      | Noticed Maggie
  6796 | D:7      | Reached skill level 1 in Alchemy
  6939 | D:6      | Reached XP level 9. HP: 51/51 MP: 4/15
  7064 | D:7      | Noticed a troll
  7093 | D:6      | Noticed Eustachio
  7185 | D:6      | Killed Eustachio
  7402 | D:6      | Killed Maggie
  7657 | D:6      | Found a staircase to the Ecumenical Temple.
  7674 | Temple   | Entered the Ecumenical Temple
  7794 | Temple   | Became a worshipper of Vehumet
  8253 | D:7      | Killed a troll
  8749 | D:7      | Reached skill level 5 in Fighting
  8750 | D:7      | Reached XP level 10. HP: 59/59 MP: 0/16
  8939 | D:7      | Reached skill level 5 in Armour
  9105 | D:8      | Reached * piety under Vehumet
  9105 | D:8      | Offered knowledge of Sandblast by Vehumet.
  9198 | D:8      | Learned a level 1 spell: Sandblast
 10551 | D:9      | Noticed Grum
 10552 | D:9      | Noticed Joseph
 10693 | D:9      | Killed Grum
 10839 | D:9      | Noticed Harold
 11206 | D:9      | Found a staircase to the Orcish Mines.
 11253 | D:9      | Killed Harold
 11254 | D:9      | Reached skill level 5 in Dodging
 11365 | D:9      | Reached ** piety under Vehumet
 11548 | D:9      | Reached XP level 11. HP: 63/66 MP: 6/17
 11548 | D:9      | Offered knowledge of Magic Dart by Vehumet.
 11639 | D:9      | Killed Joseph
 11666 | D:9      | Noticed Maurice
 11776 | D:9      | Killed Maurice
 12224 | Orc:1    | Entered Level 1 of the Orcish Mines
 12489 | Orc:2    | Entered Level 2 of the Orcish Mines
 12506 | Orc:2    | Noticed a two-headed ogre
 12625 | Orc:2    | Killed a two-headed ogre
 12630 | Orc:2    | Noticed a two-headed ogre
 12717 | Orc:2    | Killed a two-headed ogre
 12967 | Orc:2    | Offered knowledge of Dazzling Flash by Vehumet.
 12995 | Orc:1    | Noticed an orc knight
 12996 | Orc:1    | Noticed an orc sorcerer
 13006 | Orc:2    | Reached *** piety under Vehumet
 13482 | Orc:1    | Offered knowledge of Fulminant Prism by Vehumet.
 13634 | Orc:2    | Noticed an orc knight
 13810 | D:10     | Entered Level 10 of the Dungeon
 13991 | D:10     | Found a blossoming altar of Fedhas.
 14018 | D:10     | Reached XP level 12. HP: 73/73 MP: 18/18
 14050 | D:10     | Reached **** piety under Vehumet
 14268 | D:10     | Offered knowledge of Ignite Poison by Vehumet.
 14364 | D:10     | Found a portal to a secret trove of treasure.
 14503 | D:10     | Reached skill level 10 in Conjurations
 14564 | D:10     | Noticed Psyche
 14571 | D:10     | Killed Psyche
 14769 | D:10     | Noticed Erolcha
 14780 | D:10     | Killed Erolcha
 14893 | D:11     | Noticed Urug
 14901 | D:11     | Killed Urug
 15017 | D:11     | Found a staircase to the Lair.
 15160 | D:11     | Noticed a sun demon
 15375 | D:11     | Found an ancient bone altar of Kikubaaqudgha.
 15507 | D:11     | Reached skill level 10 in Fire Magic
 16077 | Lair:1   | Entered Level 1 of the Lair of Beasts
 16303 | Lair:1   | Found the ring of the Octopus King
 16355 | Lair:1   | Identified a ring of the Octopus King {rCorr HP+2 AC+2 EV+2
                  | SH+2}
 16613 | Lair:2   | Noticed Sonja
 16616 | Lair:2   | Killed Sonja
 16779 | Lair:2   | Noticed a skyshark
 16794 | Lair:2   | Killed a skyshark
 16795 | Lair:2   | Reached skill level 5 in Spellcasting
 17065 | Lair:2   | Reached XP level 13. HP: 82/82 MP: 13/20
 17135 | Lair:2   | Reached skill level 10 in Fighting
 17747 | Lair:2   | Slain by a spectral five-headed hydra

Illustrated notes

Levels and vault maps discovered:
D:1:      wheals_arrival_linesprint, layout_basic, serial_shops, shop
D:2:      layout_basic, uniq_robin, uniq_terence, uniq_jessica
D:3:      layout_basic, mainiacjoe_overflow_alcove_3
D:4:      layout_loops_cross, serial_glass, glass_columns_b, glass_columns_a,
          glass_columns_b, glass_columns_a, glass_columns_b, glass_columns_b
D:5:      layout_basic, uniq_sigmund, uniq_blork_the_orc
D:6:      layout_basic, minmay_temple_entry_statues_pillars,
          nicolae_shop_unique_rings, uniq_eustachio, uniq_edmund, uniq_maggie
D:7:      layout_basic, minmay_holes, minmay_fractal_squares_gapless_5
D:8:      layout_layer_cave, due_unseen_surprise
D:9:      layout_gridville, david_orc_4, uniq_joseph, uniq_grum, uniq_harold,
          uniq_maurice
D:10:     layout_roguey, fedhas_altar_3, nicolae_trove_entry_isolated,
          uniq_erolcha, uniq_psyche
D:11:     layout_stronghold, dpeg_lair_monsters,
          lemuel_zombie_altar_kikubaaqudgha, uniq_urug
Temple:   minmay_temple_bridge_d
Lair:1:   layout_cave_shapes, serial_bayou_shore_b
Lair:2:   layout_roguey, nicolae_swamp_entry_spooky, uniq_sonja
Orc:1:    layout_caves
Orc:2:    pubby_orc_utopia

Skill      XL: |  1  2  3  4  5  6  7  8  9 10 11 12 13 |
---------------+----------------------------------------+-----
Conjurations   | 2 3 4 5 6 7 8 9 11 | 11.7
Spellcasting   | 3 4 5 |  5.8
Fire Magic     | 4 5 6 7 8 9 10 11 | 11.0
Fighting       | 1 3 5 6 8 9 10 | 10.4
Armour         | 1 3 4 6 8 |  8.0
Dodging        | 2 3 4 5 6 7 |  7.0
Alchemy        | 1 2 4 |  4.0
Stealth        | |  2.1

Action                     |  1- 3 |  4- 6 |  7- 9 | 10-12 | 13-15 || total
---------------------------+-------+-------+-------+-------+-------++-------
  Melee: Hand axe          |    84 |       |       |       |       ||    84
         Punch             |     2 |     2 |     5 |    14 |     3 ||    26
         Dagger            |     1 |    46 |    71 |   135 |    13 ||   266
   Cast: Foxfire           |    59 |   128 |   163 |   366 |    52 ||   768
         Scorch            |       |     9 |    61 |    97 |     8 ||   175
         Flame Wave        |       |       |       |    46 |     6 ||    52
    Use: Potion            |       |       |     1 |     1 |       ||     2
   Stab: Sleeping          |       |     1 |       |     1 |       ||     2
 Armour: Robe              |    61 |    36 |    91 |       |       ||   188
         Leather armour    |       |       |    32 |   279 |    74 ||   385
         Skin              |       |       |       |    47 |       ||    47
  Dodge: Dodged            |    68 |    40 |    99 |   292 |    66 ||   565
  Block: Other             |       |       |       |     5 |     5 ||    10

Table legend: (Time is in decaauts)
 A = Elapsed time spent in this place.
 B = Non-inter-level travel time spent in this place.
 C = Inter-level travel time spent in this place.
 D = Time resting spent in this place.
 E = Time spent auto-exploring this place.
 F = Levels seen in this place.
 G = Mean time per level.
                   A        B        C        D        E       F      G
               +--------+--------+--------+--------+--------+-----+--------+
         Total |  17781 |  17110 |    671 |   1387 |  12911 |  16 | 1111.3 |
       Dungeon |  14520 |  14014 |    506 |   1110 |  10730 |  11 | 1320.0 |
        Temple |    192 |     50 |    142 |      0 |     48 |   1 |  192.0 |
          Lair |   1669 |   1659 |     10 |      0 |   1370 |   2 |  834.5 |
  Orcish Mines |   1399 |   1386 |     13 |    277 |    763 |   2 |  699.5 |
               +--------+--------+--------+--------+--------+-----+--------+

Top non-repeatable levels by time:
     D:8: 2113 daAuts
     D:6: 1634 daAuts
     D:1: 1444 daAuts
     D:7: 1437 daAuts
     D:5: 1267 daAuts
     D:9: 1257 daAuts
  Lair:2: 1194 daAuts
    D:11: 1183 daAuts
     D:4: 1123 daAuts
    D:10: 1079 daAuts
     D:3: 1056 daAuts
     D:2: 922 daAuts
   Orc:2: 903 daAuts
   Orc:1: 496 daAuts
  Lair:1: 474 daAuts
